 Dungeon Crawl Stone Soup version 0.31-a0-1164-geb876a39b7 (webtiles) character file.

Game seed: 3845755171033894729

23878 tilp the Covert (level 12, -7/94 HPs)
             Began as a Vampire Enchanter on Dec 9, 2023.
             Was a High Priest of Wu Jian.
             Mangled by a komodo dragon (16 damage)
             ... on level 3 of the Lair of Beasts.
             The game lasted 00:24:03 (14182 turns).

tilp the Covert (Vampire Enchanter)                Turns: 14182, Time: 00:24:04

Health: -7/94      AC: 13    Str:  7    XL:     12   Next: 75%
Magic:  12/22      EV: 15    Int: 23    God:    Wu Jian [*****.]
Gold:   741        SH:  9    Dex: 14    Spells: 8/24 levels left

rFire   . . .        a - +4 dagger (elec)
rCold   . . .        K - +0 buckler
rNeg    + . .        L - +0 steam dragon scales
rPois   .            (no helmet)
rElec   .            F - +2 cloak {rCorr}
rCorr   +            l - +1 pair of gloves
SInv    +            i - +1 pair of boots
Will    +....        w - amulet of reflection
Stlth   +++++        q - ring of positive energy
HPRegen 0.55/turn    r - +4 ring of slaying
MPRegen 0.18/turn

%: reflection
@: healing quickly
A: alive, fangs 3, see invisible, vampiric 2
a: Exsanguinate, Renounce Religion, Wall Jump, Serpent's Lash, Heavenly Storm


You were on level 3 of the Lair of Beasts.
You worshipped Wu Jian.
Wu Jian was extremely pleased with you.
You visited 2 branches of the dungeon, and saw 14 of its levels.
You also visited: Sewer and Bailey.

You collected 741 gold pieces.

Inventory:

Hand Weapons
 a - a +4 dagger of electrocution (weapon)
 M - a -1 dagger of freezing
 S - a +2 rapier of venom
Missiles
 d - 37 poisoned darts (quivered)
 m - 2 javelins
 p - a curare-tipped dart
 s - 3 boomerangs
 G - a throwing net
Armour
 i - a +1 pair of boots (worn)
 l - a +1 pair of gloves (worn)
 y - a +1 robe of fire resistance
 F - a +2 cloak of preservation (worn)
 K - a +0 buckler (worn)
 L - +0 steam dragon scales (worn)
 Q - the +1 ring mail "Kuzxidum" {-Tele rF+++ rCorr Str+2}
   (You found it on level 9 of the Dungeon)

   Str+2:     It affects your strength (+2).
   rF+++:     It renders you almost immune to fire.
   -Tele:     It prevents most forms of teleportation.
   rCorr:     It protects you from acid and corrosion.
Jewellery
 q - a ring of positive energy (left hand)
 r - a +4 ring of slaying (right hand)
 w - an amulet of reflection (around neck)
 E - a ring of wizardry
 N - an amulet of the acrobat
Wands
 f - a wand of roots (10)
 u - a wand of mindburst (18)
 z - a wand of polymorph (12)
 A - a wand of light (9)
 B - a wand of flame (24)
 D - a wand of charming (10)
Scrolls
 b - a scroll of poison
 v - 2 scrolls of revelation
 x - 2 scrolls of noise
 C - 3 scrolls of vulnerability
 J - 5 scrolls of teleportation
 O - 3 scrolls of silence
 R - a scroll of blinking
 U - a scroll of identify
Potions
 c - 2 potions of invisibility
 e - 5 potions of heal wounds
 g - 5 potions of brilliance
 h - 3 potions of might
 j - 5 potions of curing
 k - 7 potions of enlightenment
 n - 6 potions of mutation
 o - 3 potions of haste
 t - 4 potions of magic
 H - 8 potions of ambrosia
 I - 2 potions of resistance
 P - 2 potions of cancellation {unknown}
 T - a potion of lignification {unknown}
 V - a potion of degeneration {unknown}


   Skills:
 * Level 8.8 Fighting
 - Level 10.0 Short Blades
 + Level 4.0 Armour
 * Level 8.7 Dodging
 - Level 12.0 Stealth
 + Level 6.8 Spellcasting
 - Level 4.0 Conjurations
 - Level 12.0 Hexes
 + Level 0.2 Summonings
 - Level 2.0 Ice Magic
 - Level 4.0 Evocations


You had 8 spell levels left.
You knew the following spells:

 Your Spells              Type           Power      Damage    Failure   Level
a - Ensorcelled Hibernat  Hex/Ice        80%        N/A       1%          2
b - Confusing Touch       Hex            58%        N/A       1%          3
c - Tukima's Dance        Hex            58%        N/A       1%          3
d - Dazzling Flash        Conj/Hex       88%        N/A       1%          3
e - Summon Mana Viper     Hex/Summ       35%        N/A       30%         5

Your spell library contained the following spells:

 Spells                   Type           Power      Damage    Failure   Level
 Jinxbite                 Hex            100%       N/A       1%          2
 Apportation              Tloc           14%        N/A       13%         1
 Sandblast                Erth           14%        2d6       13%         1
 Stone Arrow              Conj/Erth      34%        3d9       17%         3
 Cigotuvi's Dreadful Rot  Necr/Pois/Air  14%        N/A       21%         2
 Gell's Gravitas          Tloc           7%         N/A       36%         3
 Teleport Other           Tloc           7%         N/A       36%         3
 Animate Armour           Summ/Erth      16%        N/A       77%         4
 Summon Lightning Spire   Summ/Air       8%         N/A       77%         4
 Dispel Undead            Necr           7%         3d8       78%         4
 Alistair's Intoxication  Tmut/Pois      4%         N/A       98%         5
 Borgnjor's Vile Clutch   Necr/Erth      3%         N/A       98%         5
 Summon Forest            Summ/Tloc      4%         N/A       98%         5
 Bombard                  Conj/Erth      8%         9d2       100%        6
 Death Channel            Necr           3%         N/A       100%        6
 Dispersal                Tloc           3%         N/A       100%        6
 Summon Cactus Giant      Summ           4%         N/A       100%        6
 Lehudib's Crystal Spear  Conj/Erth      8%         10d4      100%        8
 Chain Lightning          Conj/Air       8%         3d11      100%        9
 Fire Storm               Conj/Fire      8%         8d2       100%        9
 Shatter                  Erth           3%         3d7*      100%        9


Dungeon Overview and Level Annotations

Branches:
Dungeon (11/15)            Temple (0/1) D:5            Lair (3/5) D:11
    Orc (0/2) D:9           Sewer (visited)          Bailey (visited)
  Swamp: Lair:2-3    Shoals: Lair:2-3     Snake: Lair:2-3    Spider: Lair:2-3

Altars:
Ashenzari
Cheibriados
Fedhas
Gozag
Hepliaklqana
Kikubaaqudgha
Nemelex Xobeh
Qazlal
Sif Muna
Trog
Uskayaw
Wu Jian
Yredelemnul

Shops:
D:4 (   D:8 *

Annotations:
D:9 1 runed translucent door, crawlacc's ghost, novice MiFi


Innate Abilities, Weirdness & Mutations

Your natural rate of healing is accelerated.
You have razor-sharp teeth.
You have supernaturally acute eyesight. (SInv)
You are afflicted with vampirism and can become a bat while bloodless.


Message History

The yak is almost dead.
The yak is no longer blind.
You hit the yak. Lightning courses through the yak!
You kill the yak!
The Council accepts your kill. The komodo dragon barely misses you.
You barely miss the komodo dragon.
The komodo dragon is almost dead.
A nearby plant withers and dies.
You closely miss the komodo dragon.
The komodo dragon is almost dead.
You block the komodo dragon's attack.
You completely miss the komodo dragon.
You bite the komodo dragon, but do no damage.
The komodo dragon is almost dead.
The yak gores you!
* * * LOW HITPOINT WARNING * * *
You block the yak's attack.
Unknown command.
You hit the komodo dragon.
The komodo dragon is almost dead.
You block the komodo dragon's attack. The yak barely misses you.
Unknown command.
You spin and attack the yak repeatedly.
You hit the yak.
The yak is moderately wounded.
You completely miss the yak.
The yak is moderately wounded.
The yak misses you.
The komodo dragon attacks as it pursues you!
The komodo dragon bites you!!
* * * LOW HITPOINT WARNING * * *
The yak attacks as it pursues you! You block the yak's attack.
There is a stone staircase leading up here.
Unknown command.
Casting: Dazzling Flash (safe; 1% risk of failure)
Confirm with . or Enter, or press ? or * to list all spells.
Casting: Dazzling Flash (safe; 1% risk of failure)
Press: ? - help, Dir - look around, f - activate The komodo dragon is dazzled.
The yak is dazzled.
The komodo dragon bites you!
You die...

#...... #.....##
#...... #.....##
#......##
#...$...####.
#............
#..@.........
####..lY..#.....
......YY..#...#..
.........YP......
.........Y....#..
....^.......+##
..............
...............
..###P#####.....#


You could see a komodo dragon (blind) and 5 yaks.

Vanquished Creatures
  2 hydras
  Erica (D:8)
  2 two-headed ogres
  A skyshark (Lair:2)
  Amaemon (Lair:2)
  Pikel (D:6)
  A manticore (D:11)
  An ugly thing (D:11)
  Maurice (D:8)
  A black mamba (Lair:2)
  A gargoyle (D:5)
  An orange demon (Lair:2)
  A torpor snail (Lair:2)
  Jeremiah (D:6)
  3 rime drakes
  6 komodo dragons
  4 kobold demonologists (D:10)
  A queen bee (Lair:2)
  2 trolls
  5 blink frogs (Lair:2)
  Grinder (D:3)
  Prince Ribbit (D:9)
  Sigmund (D:6)
  2 spriggans (Bailey)
  2 wyverns (D:7)
  22 yaks
  2 vampires (D:10)
  3 steam dragons
  A warg (D:9)
  5 water moccasins
  Edmund (D:6)
  3 sky beasts
  Pargi (Sewer)
  2 black bears
  4 orc warriors (D:9)
  7 ogres (Bailey)
  3 centaurs
  A phantom (D:5)
  Blork the orc (D:6)
  A brain worm (Sewer)
  5 kobold brigands
  8 bullfrogs
  3 scorpions
  A gnoll sergeant (D:11)
  11 wights
  30 killer bees
  A vampire bat (D:10)
  4 howler monkeys
  6 orc priests
  A hound (shapeshifter) (D:10)
  2 hounds
  Crazy Yiuf (D:2)
  A gnoll bouda (D:8)
  2 jellies
  An iguana (D:6)
  Natasha (thrice) (D:4)
  5 orc wizards
  4 river rats (D:3)
  14 adders
  7 gnolls
  A white imp (D:6)
  2 ufetubi (D:6)
  5 worms
  11 dart slugs
  32 orcs
  A bat skeleton (D:10)
  3 bat zombies (D:10)
  8 endoplasms
  7 giant cockroaches
  7 goblins
  9 hobgoblins
  10 jackals
  16 kobolds
  A quokka (D:1)
  16 ball pythons
  5 bats
  6 frilled lizards
  10 rats
  A spectral hobgoblin (D:7)
362 creatures vanquished.

Vanquished Creatures (collateral kills)
  2 wights (D:6)
2 creatures vanquished.

Grand Total: 364 creatures vanquished

Notes
Turn   | Place    | Note
-------+----------+-------------------------------------------
     0 | D:1      | tilp the Vampire Enchanter began the quest for the Orb.
     0 | D:1      | Reached XP level 1. HP: 13/13 MP: 3/3
   198 | D:1      | Reached XP level 2. HP: 19/20 MP: 5/5
   207 | D:1      | Learned a level 2 spell: Ensorcelled Hibernation
   340 | D:1      | Reached skill level 1 in Fighting
   516 | D:1      | Gained mutation: You are afflicted with vampirism and can
                  | become a bat while bloodless. [Vampire growth]
   516 | D:1      | Reached XP level 3. HP: 25/26 MP: 6/6
   544 | D:1      | Learned a level 3 spell: Confusing Touch
   963 | D:2      | Reached XP level 4. HP: 32/32 MP: 4/7
  1366 | D:2      | Found a runed translucent door.
  1367 | D:2      | Noticed Crazy Yiuf
  1658 | D:2      | Killed Crazy Yiuf
  1659 | D:2      | Reached skill level 5 in Stealth
  1721 | D:3      | Reached XP level 5. HP: 31/38 MP: 5/8
  1735 | D:3      | Reached skill level 5 in Hexes
  1847 | D:3      | Found a glowing drain.
  1957 | Sewer    | Entered a sewer
  1960 | Sewer    | Reached XP level 6. HP: 46/46 MP: 10/10
  1984 | Sewer    | Learned a level 3 spell: Tukima's Dance
  2045 | Sewer    | Noticed Pargi
  2059 | Sewer    | Killed Pargi
  2658 | D:3      | Noticed Grinder
  2693 | D:3      | Killed Grinder
  2694 | D:3      | Reached XP level 7. HP: 17/52 MP: 9/11
  3467 | D:4      | Found an ornate altar of the Wu Jian Council.
  3519 | D:4      | Became a worshipper of the Wu Jian Council
  3676 | D:4      | Found an opulent altar of Gozag.
  3693 | D:4      | Found a shimmering blue altar of Sif Muna.
  3703 | D:4      | Noticed Natasha
  3722 | D:4      | Killed Natasha
  3868 | D:4      | Found Qotteq's Weapon Boutique.
  4200 | D:4      | Found a hide-covered altar of Uskayaw.
  4200 | D:4      | Noticed a +0 short sword
  4201 | D:4      | Noticed a +0 spear
  4201 | D:4      | Noticed a +0 dagger
  4202 | D:4      | Noticed a +0 short sword
  4202 | D:4      | Noticed a +0 falchion
  4208 | D:4      | Noticed a +0 dagger
  4209 | D:4      | Noticed a +0 falchion
  4210 | D:4      | Noticed a +0 spear
  4281 | D:4      | Noticed Natasha
  4295 | D:4      | Killed Natasha
  4410 | D:4      | Noticed Natasha
  4415 | D:4      | Killed Natasha
  4586 | D:5      | Entered Level 5 of the Dungeon
  4587 | D:5      | Found a broken altar of Ashenzari.
  4588 | D:5      | Reached skill level 5 in Short Blades
  4639 | D:5      | Learned a level 3 spell: Dazzling Flash
  4672 | D:5      | Found a staircase to the Ecumenical Temple.
  4682 | D:5      | Noticed a gargoyle
  4708 | D:5      | Killed a gargoyle
  4709 | D:5      | Reached skill level 1 in Ice Magic
  4709 | D:5      | Reached XP level 8. HP: 42/61 MP: 11/13
  5265 | D:6      | Reached skill level 1 in Conjurations
  5493 | D:6      | Noticed Jeremiah
  5525 | D:6      | Found a snail-covered altar of Cheibriados.
  5729 | D:6      | Noticed Blork the orc
  5736 | D:6      | Killed Blork the orc
  5737 | D:6      | Reached skill level 1 in Evocations
  5765 | D:6      | Found a basalt altar of Yredelemnul.
  5767 | D:6      | Reached * piety under Wu Jian
  5768 | D:6      | Reached skill level 5 in Fighting
  6219 | D:6      | Killed Jeremiah
  6220 | D:6      | Reached XP level 9. HP: 49/68 MP: 11/15
  6271 | D:6      | Noticed Edmund
  6305 | D:6      | Killed Edmund
  6343 | D:6      | Noticed Sigmund
  6349 | D:6      | Killed Sigmund
  6414 | D:6      | Noticed Pikel
  6419 | D:6      | Killed Pikel
  6955 | D:7      | Found a hazy altar of Hepliaklqana.
  7205 | D:7      | Reached ** piety under Wu Jian
  7206 | D:7      | Reached skill level 5 in Spellcasting
  7214 | D:7      | Reached XP level 10. HP: 76/76 MP: 17/17
  7404 | D:8      | Noticed Maurice
  7409 | D:8      | Killed Maurice
  7417 | D:8      | Reached skill level 10 in Stealth
  7491 | D:8      | Noticed Erica
  7500 | D:8      | Killed Erica
  7501 | D:8      | Reached skill level 10 in Short Blades
  7924 | D:8      | Found Eckesaudou's Fire Supplies.
  8112 | D:8      | Noticed a two-headed ogre
  8118 | D:8      | Killed a two-headed ogre
  8448 | D:9      | Noticed Prince Ribbit
  8452 | D:9      | Killed Prince Ribbit
  8453 | D:9      | Reached skill level 1 in Armour
  8486 | D:9      | Found a blossoming altar of Fedhas.
  8620 | D:9      | Found a sparkling altar of Nemelex Xobeh.
  8734 | D:9      | Reached skill level 5 in Dodging
  8735 | D:9      | Noticed crawlacc's ghost (novice MiFi)
  8736 | D:9      | Found a runed translucent door.
  8892 | D:9      | Found a staircase to the Orcish Mines.
  8918 | D:9      | Identified the +1 ring mail "Kuzxidum" {-Tele rF+++ rCorr
                  | Str+2}
  8977 | D:9      | Identified the ring "Ipin" {rN+ Str+7 Int-5}
  9169 | D:10     | Entered Level 10 of the Dungeon
  9176 | D:10     | Reached XP level 11. HP: 83/83 MP: 16/19
  9182 | D:10     | Reached *** piety under Wu Jian
  9184 | D:10     | Found a flagged portal.
  9193 | Bailey   | Entered a bailey
  9369 | Bailey   | Noticed a two-headed ogre
  9386 | Bailey   | Killed a two-headed ogre
  9743 | D:10     | Found a bloodstained altar of Trog.
  9822 | D:10     | Found a stormy altar of Qazlal.
  9825 | D:10     | Noticed a soul eater
 10092 | D:10     | Noticed a soul eater
 10107 | D:10     | Reached **** piety under Wu Jian
 10312 | D:10     | Found an ancient bone altar of Kikubaaqudgha.
 10731 | D:11     | Reached skill level 10 in Hexes
 10836 | D:11     | Noticed a green ugly thing
 10841 | D:11     | Killed a green ugly thing
 11046 | D:11     | Found a staircase to the Lair.
 11199 | D:11     | Got the Teachings on Orogeny and the Retinue
 11558 | Lair:1   | Entered Level 1 of the Lair of Beasts
 11582 | Lair:1   | Identified the +0 war axe of Wealth {protect, rPois rF-
                  | Will- Int+7}
 11976 | Lair:1   | Identified the +0 ring mail "Put-Me-On" {Contam rElec rPois
                  | rCorr}
 12045 | Lair:1   | Noticed a seven-headed hydra
 12225 | Lair:1   | Killed a seven-headed hydra
 12460 | Lair:2   | Noticed a skyshark
 12480 | Lair:2   | Killed a skyshark
 12481 | Lair:2   | Reached XP level 12. HP: 40/91 MP: 7/21
 13037 | Lair:2   | Noticed a five-headed hydra
 13042 | Lair:2   | Killed a five-headed hydra
 13258 | Lair:2   | Noticed Amaemon
 13272 | Lair:2   | Killed Amaemon
 13453 | Lair:2   | Reached ***** piety under Wu Jian
 13824 | Lair:2   | Identified the +5 battleaxe of the Hidden Vale {drain, rC++
                  | Dex+3 SInv Stlth-}
 14097 | Lair:2   | Learned a level 5 spell: Summon Mana Viper
 14182 | Lair:3   | Mangled by a komodo dragon

Illustrated notes

Levels and vault maps discovered:
D:1:      psy_arrival_terrarium, layout_basic, amcnicky_mini_pool_small,
          minmay_misc_feat_encased, minmay_misc_feat_rows, nrook_mini_backslash
D:2:      layout_basic, nicolae_half_adder, uniq_crazy_yiuf_cottage
D:3:      kennysheep_slugbush, layout_basic, lightli_sewer_entry_pipes,
          minivault_11, dk_noncrumbling_3, kennysheep_generic_room_12,
          uniq_grinder
D:4:      layout_loops_corners, nicolae_uskayaw_en_pointe,
          nzn_wu_jian_council_hall, mainiacjoe_overflow_catch_the_wave,
          serial_shops, shop, feat_on_display, uniq_natasha
D:5:      layout_basic, mainiacjoe_overflow_cross_hatched,
          minmay_temple_entry_large_hall, nicolae_eternal_life,
          kennysheep_generic_room_3
D:6:      layout_basic, mainiacjoe_overflow_boulevard,
          mainiacjoe_overflow_brackets, marbit_many_paths,
          sigmund_edmund_badplayer, uniq_blork_the_orc, uniq_pikel,
          uniq_jeremiah
D:7:      layout_basic, nicolae_hepliaklqana_monster_ancestors,
          minmay_misc_feat_four_crosses
D:8:      minmay_skewed_foursquare, layout_loops_ring, nicolae_shop_fire_sale
          [nicolae_sub_dead_trees], kennysheep_donut, uniq_maurice, uniq_erica
D:9:      layout_roguey, mainiacjoe_overflow_six_doors_small,
          mainiacjoe_overflow_surrounded_room, david_orc_1_choice,
          hellmonk_ghost_big_iron, uniq_prince_ribbit1
D:10:     layout_basic, overflow_temple_1_default, kennysheep_vampire_church,
          mainiacjoe_overflow_small_starburst, enter_bailey_2,
          hangedman_abyss_or_decor_passed, st_stairs_5, grunt_ministairs_8,
          nzn_life_drinkers
D:11:     layout_irregular_city, lair_entry_dummy
Lair:1:   layout_big_grid, minivault_23, dreamdust_mushroom_princess,
          wad_woods_road_05
Lair:2:   layout_roguey [special_room_bee], uniq_amaemon
Lair:3:   layout_chaotic_city, minmay_shoals_entry_hut,
          guppyfry_snake_entry_island

Skill      XL: |  1  2  3  4  5  6  7  8  9 10 11 12 |
---------------+-------------------------------------+-----
Fighting       | 1 2 3 4 5 6 7 8 |  8.8
Short Blades   | 2 3 4 5 6 8 10 | 10.0
Stealth        | 5 6 7 9 10 11 12 | 12.0
Hexes          | 5 6 7 8 9 10 12 | 12.0
Dodging        | 3 4 5 7 8 |  8.7
Spellcasting   | 3 4 5 6 |  6.8
Ice Magic      | 1 2 |  2.0
Conjurations   | 1 2 3 4 |  4.0
Evocations     | 1 2 3 4 |  4.0
Armour         | 1 2 4 |  4.0
Summonings     | |  0.2

Action                     |  1- 3 |  4- 6 |  7- 9 | 10-12 || total
---------------------------+-------+-------+-------+-------++-------
  Melee: Dagger            |   173 |   207 |   225 |   508 ||  1113
         Bite              |    19 |    17 |    33 |    75 ||   144
         Punch             |     2 |     3 |       |       ||     5
   Cast: Ensorcelled Hiber |     1 |    30 |    25 |   132 ||   188
         Confusing Touch   |       |     1 |     6 |     9 ||    16
         Tukima's Dance    |       |       |    14 |       ||    14
         Dazzling Flash    |       |       |       |    23 ||    23
Ability: Lunge             |       |       |    25 |    47 ||    72
         Whirlwind         |       |       |     2 |     9 ||    11
  Evoke: Wand              |       |       |       |     3 ||     3
    Use: Scroll            |     2 |     1 |    13 |     9 ||    25
         Potion            |       |       |       |     4 ||     4
   Stab: Sleeping          |     6 |    19 |    31 |    85 ||   141
         Confused          |       |     1 |     5 |     9 ||    15
         Invisible         |       |       |       |    28 ||    28
         Distracted        |       |       |       |     1 ||     1
 Armour: Robe              |    87 |   107 |    88 |     8 ||   290
         Steam dragon scal |       |       |       |   215 ||   215
  Dodge: Dodged            |   113 |   112 |   106 |   246 ||   577
  Block: Other             |       |       |    10 |     2 ||    12
         Buckler           |       |       |       |   164 ||   164
         Reflection        |       |       |       |     1 ||     1

Table legend: (Time is in decaauts)
 A = Elapsed time spent in this place.
 B = Non-inter-level travel time spent in this place.
 C = Inter-level travel time spent in this place.
 D = Time resting spent in this place.
 E = Time spent auto-exploring this place.
 F = Levels seen in this place.
 G = Mean time per level.
                   A        B        C        D        E       F      G
               +--------+--------+--------+--------+--------+-----+--------+
         Total |  13987 |  13549 |    438 |   1067 |   9521 |  16 |  874.2 |
       Dungeon |  10827 |  10466 |    361 |    446 |   7946 |  11 |  984.3 |
          Lair |   2526 |   2449 |     77 |    457 |   1456 |   3 |  842.0 |
         Sewer |    242 |    242 |      0 |     17 |     69 |   1 |  242.0 |
        Bailey |    390 |    390 |      0 |    147 |     49 |   1 |  390.0 |
               +--------+--------+--------+--------+--------+-----+--------+

Top non-repeatable levels by time:
  Lair:2: 1552 daAuts
     D:3: 1505 daAuts
     D:4: 1157 daAuts
     D:6: 1149 daAuts
    D:10: 1037 daAuts
  Lair:1: 954 daAuts
     D:8: 933 daAuts
    D:11: 926 daAuts
     D:2: 916 daAuts
     D:7: 884 daAuts
     D:9: 802 daAuts
     D:1: 769 daAuts
     D:5: 744 daAuts
  Bailey: 390 daAuts
   Sewer: 242 daAuts
